 Dungeon Crawl Stone Soup version 0.26-a0-466-g989023bd0d (webtiles) character file.

Game seed: 439530957942986554

32 BattleRest the Caller (level 3, 0/19 HPs)
             Began as a Deep Elf Summoner on Aug 9, 2020.
             Slain by a bat (1 damage)
             ... on level 2 of the Dungeon.
             The game lasted 00:08:12 (1322 turns).

BattleRest the Caller (Deep Elf Summoner)           Turns: 1322, Time: 00:08:13

Health: 0/19       AC:  3    Str:  5    XL:     3   Next: 10%
Magic:  5/10       EV: 13    Int: 20    God:
Gold:   39         SH:  0    Dex: 15    Spells: 8/9 levels left

rFire    . . .     SeeInvis .   d - +0 club
rCold    . . .     Faith    .   (no shield)
rNeg     . . .     Spirit   .   a - +1 robe
rPois    .         Reflect  .   (no helmet)
rElec    .         Harm     .   (no cloak)
rCorr    .                      (no gloves)
MR       .....                  (no boots)
Stlth    ++........             (no amulet)
HPRegen  0.06/turn              (no ring)
MPRegen  0.12/turn              (no ring)

@: mighty, brilliant, lethally poisoned (0 -> -2), hasted, very quick
A: no striking features
a: no special abilities


You were on level 2 of the Dungeon.
You visited 1 branch of the dungeon, and saw 2 of its levels.

You collected 39 gold pieces.

Inventory:

Hand Weapons
 d - a +0 club (weapon)
Missiles
 c - 12 poisoned darts (quivered)
Armour
 a - a +1 robe (worn)


   Skills:
 + Level 1.0 Throwing
 + Level 2.4 Dodging
 + Level 2.4 Stealth
 + Level 3.5 Spellcasting
 + Level 5.1 Summonings


You had 8 spell levels left.
You knew the following spells:

 Your Spells              Type           Power        Failure   Level
a - Summon Small Mammal   Summ           ####         1%          1

Your spell library contained the following spells:

 Spells                   Type           Power        Failure   Level
 Call Imp                 Summ           #####...     2%          2
 Call Canine Familiar     Summ           #####...     4%          3
 Summon Guardian Golem    Hex/Summ       ###.....     14%         3
 Summon Ice Beast         Ice/Summ       ###.....     43%         4
 Summon Lightning Spire   Summ/Air       ###.....     43%         4


Dungeon Overview and Level Annotations

Branches:
Dungeon (2/15)

Altars:


Message History

You feel sick.
There is a stone staircase leading up here.
* * * LOW HITPOINT WARNING * * *
You feel sick.
You see here an adder corpse.
Found a glowing sapphire potion.
You see here a rat corpse.
* * * LOW HITPOINT WARNING * * *
You feel sick.
Found 8 gold pieces.
A bat comes into view.
You see here a fizzy ruby potion.
b - a fizzy ruby potion It was a potion of haste.
You feel yourself speed up.
* * * LOW HITPOINT WARNING * * *
You feel sick. The bat misses you. The bat barely misses you.
The bat closely misses you. The bat hits you.
You die...

##..(...(.#
........>...### # .
...........# #####
.#. #.......#.# #...
...#.......#.####.#
#.#.#.......††..<..#
#...........#.###..#
.#..b...##.# #..####
##@#...##.# #......
#.#......# #..####
..(....### #..# #
.!.#.#..# #..####
#####.#..# #...r..
#.#..# #.#####
#.#..# #. # .. # ##.
#


You could see a bat.

Vanquished Creatures
  A ball python (D:1)
  A giant cockroach (D:1)
  2 goblins
  A hobgoblin (D:1)
  3 kobolds (D:1)
  3 bats (D:1)
  3 frilled lizards (D:1)
  A rat (D:1)
15 creatures vanquished.

Vanquished Creatures (collateral kills)
  2 adders (D:2)
  A bat (D:1)
  2 hobgoblins (D:1)
  3 jackals (D:1)
  A kobold (D:1)
  2 rats
11 creatures vanquished.

Grand Total: 26 creatures vanquished

Notes
Turn   | Place    | Note
-------+----------+-------------------------------------------
     0 | D:1      | BattleRest the Deep Elf Summoner began the quest for the
                  | Orb.
     0 | D:1      | Reached XP level 1. HP: 10/10 MP: 6/6
   343 | D:1      | Reached XP level 2. HP: 15/15 MP: 4/8
  1036 | D:1      | Reached skill level 5 in Summonings
  1250 | D:2      | Reached skill level 1 in Throwing
  1297 | D:2      | Reached XP level 3. HP: 7/19 MP: 2/10
  1322 | D:2      | Slain by a bat

Illustrated notes

Levels and vault maps discovered:
D:1:      lemuel_arrival_room, layout_basic, minmay_distorted
D:2:      layout_loops_ring, overflow_temple_1_default, uniq_robin

Skill      XL: |  1  2 |
---------------+-------+-----
Summonings     | 5 |  5.1
Throwing       | 1 |  1.0
Dodging        | |  2.4
Stealth        | |  2.4
Spellcasting   | |  3.5

Action                   || total
-------------------------++-------
Melee: Unarmed           ||     7
       Club              ||    10
Throw: Dart              ||    44
 Cast: Summon Small Mamm ||    37
  Use: Potion            ||     3
       Scroll            ||     1
Armor: Robe              ||     8
Dodge: Dodged            ||    39

Table legend: (Time is in decaauts)
 A = Elapsed time spent in this place.
 B = Non-inter-level travel time spent in this place.
 C = Inter-level travel time spent in this place.
 D = Time resting spent in this place.
 E = Time spent auto-exploring this place.
 F = Levels seen in this place.
 G = Mean time per level.
                   A        B        C        D        E       F      G
               +--------+--------+--------+--------+--------+-----+--------+
         Total |   1322 |   1283 |     39 |    354 |    189 |   2 |  661.0 |
       Dungeon |   1322 |   1283 |     39 |    354 |    189 |   2 |  661.0 |
               +--------+--------+--------+--------+--------+-----+--------+

Top non-repeatable levels by time:
     D:1: 1225 daAuts
     D:2: 97 daAuts
